 Dungeon Crawl Stone Soup version 0.29-a0-493-g10c3c7b (webtiles) character file.

Game seed: 18114727425177394767

422 Toastz the Slasher (level 6, -15/50 HPs)
             Began as a Barachi Warper on May 27, 2022.
             Demolished by an ogre
             ... wielding a +0 giant spiked club
              (33 damage)
             ... on level 5 of the Dungeon.
             The game lasted 00:11:53 (5139 turns).

Toastz the Slasher (Barachi Warper)                 Turns: 5139, Time: 00:11:53

Health: -15/50     AC:  8    Str: 11    XL:     6   Next: 95%
Magic:  9/9        EV: 10    Int: 13    God:
Gold:   193        SH:  3    Dex: 15    Spells: 8/10 levels left

rFire   . . .      SeeInvis .   a - +1 scimitar
rCold   + + .      Faith    .   x - +0 buckler
rNeg    . . .      Spirit   .   k - +0 ring mail
rPois   .          Reflect  .   (no helmet)
rElec   .          Harm     .   (no cloak)
rCorr   .          Rampage  .   (no gloves)
Will    .....                   u - +2 pair of boots "Eqiy" {Dex+2 Stlth+}
Stlth   +++.......              B - amulet "Oxtaawk" {Acrobat rC++ Str-2 Stlth+}
HPRegen 0.16/turn               (no ring)
MPRegen 0.11/turn               (no ring)

@: slow
A: amphibious, slowness 1, strong legs 1, +LOS
a: Hop


You were on level 5 of the Dungeon.
You visited 1 branch of the dungeon, and saw 5 of its levels.

You collected 193 gold pieces.

Inventory:

Hand Weapons
 a - a +1 scimitar (weapon)
 b - a +0 hunting sling
Missiles
 d - 3 boomerangs of dispersal
 e - 148 stones (quivered)
 y - 3 poisoned darts
Armour
 i - a +0 leather armour
 k - a +0 ring mail (worn)
 l - an orb of energy
 r - a +0 kite shield
 u - the +2 pair of boots "Eqiy" (worn) {Dex+2 Stlth+}
   (You found it on level 2 of the Dungeon)

   Dex:       It affects your dexterity (+2).
   Stlth:     It makes you more stealthy.
 x - a +0 buckler (worn)
Jewellery
 B - the amulet "Oxtaawk" (around neck) {Acrobat rC++ Str-2 Stlth+}
   (You found it on level 4 of the Dungeon)

   [amulet of the acrobat]

   It increases your evasion while moving and waiting.
   Str:       It affects your strength (-2).
   rC:        It greatly protects you from cold.
   Stlth:     It makes you more stealthy.
Wands
 A - a wand of acid (9)
Scrolls
 c - 4 scrolls of blinking
 h - a scroll of vulnerability {unknown}
 m - a scroll of enchant armour
 p - a scroll of teleportation
 t - a scroll of summoning
 v - a scroll of immolation {unknown}
Potions
 f - a potion of haste {unknown}
 g - 4 potions of mutation
 j - 2 potions of magic
 o - a potion of heal wounds
 q - a potion of attraction {unknown}
 w - 2 potions of lignification
 z - a potion of degeneration {unknown}


   Skills:
 + Level 4.8 Fighting
 * Level 6.6 Long Blades
 - Level 1.0 Throwing
 + Level 2.8 Armour
 - Level 2.1 Dodging
 - Level 2.5 Spellcasting
 - Level 3.5 Translocations


You had 8 spell levels left.
You knew the following spells:

 Your Spells              Type           Power      Damage    Failure   Level
a - Blink                 Tloc           20%        N/A       26%         2

Your spell library contained the following spells:

 Spells                   Type           Power      Damage    Failure   Level
 Gell's Gravitas          Tloc           10%        N/A       47%         3
 Lesser Beckoning         Tloc           10%        N/A       47%         3
 Teleport Other           Tloc           10%        N/A       47%         3
 Foxfire                  Conj/Fire      4%         2x1d4     61%         1
 Shock                    Conj/Air       4%         1d3       61%         1
 Confusing Touch          Hex            1%         N/A       93%         3
 Conjure Flame            Conj/Fire      1%         6-21      93%         3
 Frozen Ramparts          Ice            2%         1d2       93%         3
 Inner Flame              Hex/Fire       1%         N/A       93%         3
 Swiftness                Air            1%         N/A       93%         3
 Manifold Assault         Tloc           10%        N/A       99%         5
 Airstrike                Air            0%         N/A       100%        4
 Flame Wave               Conj/Fire      1%         2d4       100%        4
 Ice Form                 Ice/Tmut       1%         N/A       100%        4
 Summon Ice Beast         Ice/Summ       1%         N/A       100%        4
 Yara's Violent Unravell  Hex/Tmut       0%         3d3       100%        5
 Dispersal                Tloc           5%         N/A       100%        6
 Enfeeble                 Hex            0%         N/A       100%        7


Dungeon Overview and Level Annotations

Branches:
Dungeon (5/15)             Temple (0/1) D:5

Altars:
Uskayaw


Innate Abilities, Weirdness & Mutations

You are amphibious.
You cover ground slowly.
You can hop short distances.
You have an extended range of vision and can be seen from far away.


Message History

As you read the scroll of magic mapping, it crumbles to dust.
You feel aware of your surroundings.
You sensed 1 shop/portal.
Found 5 gold pieces.
Found a short sword and a rapier.
Found a scroll labelled UCYR SERISM.
An adder and an ogre come into view.
Found a potion of heal wounds and a white potion.
The adder hisses angrily.
The ogre shouts!
You hear the slow rusting of a distant drain.
You closely miss the adder. You block the adder's attack.
You completely miss the adder. The adder bites you but does no damage.
You miss the adder. The adder bites you but does no damage.
The adder misses you.
You slash the adder!
The adder is almost dead.
You block the adder's attack.
You barely miss the adder.
The adder is almost dead.
The adder bites you but does no damage. The adder bites you.
You closely miss the adder.
The adder is almost dead.
The adder closely misses you.
You slash the adder!
You kill the adder!
You hit the ogre.
The ogre is lightly wounded.
An ice beast comes into view.
The ogre hits you with a +0 giant spiked club!!
Ouch! That really hurt!
You barely miss the ogre.
The ogre is lightly wounded.
You slash the ogre!
The ogre is heavily wounded.
The ogre barely misses you.
You hit the ogre.
The ogre is severely wounded.
The ogre hits you with a +0 giant spiked club!!
Ouch! That really hurt!
You die...

####....# **,,,,,,,,, ******
*#.......# **,,,,,,,,
,,,,,**#..##....# **,,,,***
,,,,,*#..**#....# **##.*,,
,,,,,...** #....#########*...,,,*
,,,,,.######>.........)),..##.,**
,,,,,...........#####.##.....!,,,
**,,*##....#..#####....$......,,,
*,,,,...........@OY.........#,,**
,,,,,.........#######.........,,,
,**,*###.......,,***#.?.....##**,
***,,,,####.....,,,,!.......# *,,
****,,,........,,,........# *,,
***###.#...##,.........# *,,
#.##..#^,##...O...#**,,
#.*,...,,,..........,,,
#.*,..#***...###....,,,


You could see an ice beast and an ogre.

Vanquished Creatures
  2 hounds
  Natasha (thrice) (D:2 D:1)
  An orc wizard (D:4)
  10 gnolls
  7 adders
  A worm (D:2)
  4 dart slugs
  9 orcs
  9 endoplasms
  3 giant cockroaches
  7 goblins
  4 hobgoblins
  6 jackals (D:3)
  6 kobolds
  5 quokkas
  7 ball pythons
  7 bats
  4 frilled lizards
  3 rats
98 creatures vanquished.

Notes
Turn   | Place    | Note
-------+----------+-------------------------------------------
     0 | D:1      | Toastz the Barachi Warper began the quest for the Orb.
     0 | D:1      | Reached XP level 1. HP: 17/17 MP: 3/3
   372 | D:1      | Reached XP level 2. HP: 18/23 MP: 5/5
   807 | D:1      | Reached skill level 3 in Long Blades
  1145 | D:2      | Reached XP level 3. HP: 24/28 MP: 6/6
  1164 | D:2      | Learned a level 2 spell: Blink
  1345 | D:2      | Noticed Natasha
  1353 | D:2      | Killed Natasha
  1354 | D:2      | Reached skill level 4 in Long Blades
  1354 | D:2      | Reached XP level 4. HP: 19/35 MP: 7/7
  1523 | D:2      | Noticed Natasha
  1616 | D:2      | Killed Natasha
  1656 | D:2      | Noticed Natasha
  1897 | D:1      | Killed Natasha
  1898 | D:1      | Reached XP level 5. HP: 42/42 MP: 8/8
  1984 | D:2      | Reached skill level 5 in Long Blades
  1986 | D:2      | Found a hide-covered altar of Uskayaw.
  2062 | D:2      | Identified the +2 pair of boots "Eqiy" {Dex+2 Stlth+}
  2728 | D:3      | Found a faded altar of an unknown god.
  3486 | D:3      | Reached XP level 6. HP: 48/48 MP: 9/9
  3967 | D:4      | Reached skill level 6 in Long Blades
  4378 | D:4      | Identified the amulet "Oxtaawk" {Acrobat rC++ Str-2 Stlth+}
  5082 | D:5      | Entered Level 5 of the Dungeon
  5136 | D:5      | Noticed an ice beast
  5139 | D:5      | Demolished by an ogre

Illustrated notes

Levels and vault maps discovered:
D:1:      ncdulo_smallfort, layout_rooms, chequers_serial_rivers_large_b,
          st_stairs_10, serial_bayou_pond_e
D:2:      layout_rooms, basic_altar, uniq_natasha
D:3:      layout_loops_corners, hellmonk_ecumenical_altar_run_dry,
          amcnicky_mini_corridor_feature, minmay_misc_feat_pillars
D:4:      layout_cave_pools
D:5:      layout_rooms, minmay_temple_entry_glassed_door,
          gup_sewer_entry_bubbles

Skill      XL: |  1  2  3  4  5  6 |
---------------+-------------------+-----
Long Blades    | 3 4 5 6 |  6.6
Fighting       | 3 4 |  4.8
Armour         | 2 |  2.8
Throwing       | |  1.0
Dodging        | |  2.1
Spellcasting   | |  2.5
Translocations | |  3.5

Action                   |  1- 3 |  4- 6 || total
-------------------------+-------+-------++-------
Melee: Falchion          |    25 |       ||    25
       Scimitar          |    47 |   195 ||   242
       Punch             |       |     1 ||     1
 Fire: Hunting sling     |       |    24 ||    24
Throw: Stone             |    65 |    81 ||   146
       Boomerang         |     3 |    34 ||    37
 Abil: Hop               |     1 |     1 ||     2
  Use: Scroll            |       |    12 ||    12
       Potion            |       |     1 ||     1
 Stab: Sleeping          |       |     1 ||     1
Armor: Leather armour    |    17 |       ||    17
       Ring mail         |     3 |   120 ||   123
Dodge: Dodged            |    35 |   139 ||   174
Block: Buckler           |       |    33 ||    33

Table legend: (Time is in decaauts)
 A = Elapsed time spent in this place.
 B = Non-inter-level travel time spent in this place.
 C = Inter-level travel time spent in this place.
 D = Time resting spent in this place.
 E = Time spent auto-exploring this place.
 F = Levels seen in this place.
 G = Mean time per level.
                   A        B        C        D        E       F      G
               +--------+--------+--------+--------+--------+-----+--------+
         Total |   5707 |   5469 |    238 |   1687 |   2614 |   5 | 1141.4 |
       Dungeon |   5707 |   5469 |    238 |   1687 |   2614 |   5 | 1141.4 |
               +--------+--------+--------+--------+--------+-----+--------+

Top non-repeatable levels by time:
     D:3: 2012 daAuts
     D:1: 1765 daAuts
     D:4: 1037 daAuts
     D:2: 827 daAuts
     D:5: 65 daAuts
